 Dungeon Crawl Stone Soup version 0.16-a0-3476-g5f3739d (webtiles) character file.

47 LogicNinja the Sneak (level 3, 5/18 HPs)
             Began as a Vine Stalker Assassin on Jan 3, 2015.
             Quit the game on level 2 of the Dungeon.
             The game lasted 00:01:09 (980 turns).

LogicNinja the Sneak (Vine Stalker Assassin)         Turns: 980, Time: 00:01:09

Health: 5/18       AC:  6    Str: 13    XL:     3   Next: 70%
Magic:  3/4        EV: 10    Int: 11    God:
Gold:   34         SH:  0    Dex: 16    Spells: 0 memorised, 2 levels left

rFire  . . .     SeeInvis +     a - +2 dagger
rCold  . . .     Clarity  .     o - +0 ring mail
rNeg   . . .     SustAb   .     (no shield)
rPois  .         Gourm    .     (no helmet)
rElec  .         Spirit   +     d - +0 cloak
rCorr  .         Warding  .     (no gloves)
rMut   .         Stasis   .     (no boots)
MR     .....                    (no amulet)
Stlth  ++........               (no ring)
                                (no ring)

@: quite poisoned, not resistant to hostile enchantments, unstealthy
A: fangs 2, hooves 1, see invisible, regeneration 1, screaming 1, magic shield,
antimagic bite, no device heal 3, rot immunity
a: no special abilities


You were on level 2 of the Dungeon.
You were not hungry.

You visited 1 branch of the dungeon, and saw 3 of its levels.

You collected 34 gold pieces.

Inventory:

Hand weapons
 a - a +2 dagger (weapon)
 b - a +0 blowgun
Missiles
 e - 8 poisoned needles
 f - 2 curare-tipped needles
Armour
 d - a +0 cloak (worn)
 o - a +0 ring mail (worn)
 p - a +0 buckler
Jewellery
 h - an uncursed ring of teleportation
Magical devices
 q - a wand of random effects (26)
Scrolls
 c - a scroll of remove curse
 i - a scroll of recharging
 l - 3 scrolls of identify {unknown}
 m - a scroll of teleportation {unknown}
 n - a scroll of enchant armour {unknown}
 r - a scroll of noise {unknown}
Comestibles
 g - a bread ration
 k - a meat ration


   Skills:
 - Level 1.7 Fighting
 * Level 3.1 Short Blades
 - Level 1.7 Throwing
 - Level 0.7 Dodging
 + Level 5.4 Stealth


You had 2 spell levels left.
You didn't know any spells.

Dungeon Overview and Level Annotations

Branches:
Dungeon (3/15)

Altars:

Annotations:
D:2 Terence


Innate Abilities, Weirdness & Mutations

You have extremely sharp teeth.
Your natural rate of healing is unusually fast.
When hurt, damage is shared between your health and your magic reserves.
Your bite disrupts and absorbs the magic of your enemies.
Potions and wands cannot restore your health.
You are immune to rotting.
You have large cloven feet.
You have supernaturally acute eyesight.
You occasionally shout uncontrollably at your foes.


Message History

Terence is heavily wounded.
The adder bites you but does no damage.
You hit Terence. You bite Terence, but do no damage.
Terence is severely wounded.
Terence closely misses you. The adder bites you.
* * * LOW HITPOINT WARNING * * *
You are poisoned.
The adder poisons you!
You hit Terence but do no damage. Your bite misses Terence.
Terence is severely wounded.
You feel sick. The adder bites you but does no damage.
Terence hits you but does no damage.
Unknown command.
Drink which item? (? for menu, Esc to quit)
It was a potion of mutation.
You feel extremely strange.
You feel the urge to shout.
Your feet thicken and deform.
Your vision sharpens.
The adder bites you.
* * * LOW HITPOINT WARNING * * *
Terence hits you but does no damage.
Are you sure you want to abandon this character and quit the game? (Confirm with "yes".)

## ##.#.## .# ##.#.## .#
#.###.# .# ##.#.## .#
##.## .# ##.##
.########...## ###
..†..>...###.######......
.######.## ##..@@S.......
.# #.# #..########## .# #
#..# .# #...# .# ......
.# ####.... .# #.@.. ..
...... ## #(..


You could see Terence and an adder.

Vanquished Creatures
  2 adders (D:2)
  A worm (D:2)
  A giant cockroach (D:3)
  A goblin (D:1)
  8 hobgoblins
  A bat (D:1)
  3 giant newts
  3 kobolds
  3 rats
23 creatures vanquished.

Notes
Turn   | Place    | Note
--------------------------------------------------------------
     0 | D:1      | LogicNinja, the Vine Stalker Assassin, began the quest for the Orb.
     0 | D:1      | Reached XP level 1. HP: 11/11 MP: 1/1
   226 | D:1      | Reached skill level 5 in Stealth
   226 | D:1      | Reached XP level 2. HP: 12/15 MP: 3/3
   755 | D:2      | Reached XP level 3. HP: 15/18 MP: 4/4
   883 | D:2      | You fall through a shaft!
   961 | D:2      | Noticed Terence
   979 | D:2      | Gained mutation: You occasionally shout uncontrollably at your foes. [potion of mutation]
   979 | D:2      | Gained mutation: You have large cloven feet. [potion of mutation]
   979 | D:2      | Gained mutation: You have supernaturally acute eyesight. [potion of mutation]
   980 | D:2      | Quit the game

Action                   || total
-------------------------++-------
Melee: Dagger            ||    76
  Use: Scroll            ||     2
       Potion            ||     1
 Stab: Sleeping          ||     5
